 Dungeon Crawl Stone Soup version 0.19-a0-734-ge18daf0 (webtiles) character file.

1891 Gorice the Cleaver (level 9, -2/70 HPs)
             Began as a Hill Orc Abyssal Knight on June 21, 2016.
             Was a High Priest of Lugonu.
             Slain by an ogre
             ... wielding a +0 giant spiked club
              (21 damage)
             ... on level 4 of the Dungeon on June 22, 2016.
             The game lasted 00:25:59 (5389 turns).

Gorice the Cleaver (Hill Orc Abyssal Knight)        Turns: 5389, Time: 00:25:59

Health: -2/70      AC: 17    Str: 17    XL:     9   Next: 15%
Magic:  10/10      EV:  6    Int: 12    God:    Lugonu [*****.]
Gold:   122        SH:  6    Dex: 11    Spells: 0 memorised, 8 levels left

rFire  + . .     SeeInvis .     a - +0 war axe
rCold  . . .     Gourm    .     D - +0 plate armour
rNeg   + + .     Faith    .     (no shield)
rPois  .         Spirit   .     i - +1 helmet
rElec  .         Dismiss  .     r - +0 cloak
rCorr  .         Reflect  +     (no gloves)
SustAt .         Harm     .     (no boots)
MR     +....                    m - +6 amulet of reflection
Stlth  ..........               (no ring)
                                E - ring of Linearity {rF+ rN++ MR+}

@: somewhat resistant to hostile enchantments, extremely unstealthy
A: no striking features
a: Depart the Abyss, Bend Space, Banish, Corrupt, Enter the Abyss, Renounce
Religion


You were on level 4 of the Dungeon.
You worshipped Lugonu.
Lugonu was extremely pleased with you.
You were not hungry.

You visited 1 branch of the dungeon, and saw 5 of its levels.
You visited the Abyss 1 time.

You collected 122 gold pieces.

Inventory:

Hand Weapons
 a - a +0 war axe (weapon)
 z - a +1 hand axe
Missiles
 j - 33 bolts
 t - 5 javelins
 A - 13 sling bullets
 F - 2 tomahawks (quivered)
 Z - 176 stones
Armour
 i - a +1 helmet (worn)
 r - a +0 cloak (worn)
 y - a +0 chain mail
 D - a +0 plate armour (worn)
Jewellery
 m - a +6 amulet of reflection (around neck)
 o - an uncursed ring of fire
 E - the ring of Linearity (left hand) {rF+ rN++ MR+}
   (You found it on level 4 of the Dungeon)

   [ring of protection from magic]

   It protects you from fire.
   It greatly protects you from negative energy.
   It affects your resistance to hostile enchantments.
Scrolls
 g - 4 scrolls of enchant armour
 p - 2 scrolls of teleportation {!r}
 s - a scroll of remove curse
 w - a scroll of amnesia
 C - a scroll of noise {!r}
Potions
 b - a potion of magic {unknown}
 d - a potion of flight
 e - a potion of ambrosia {unknown}
 f - 2 potions of might {!q}
 h - 2 potions of invisibility {unknown}
 l - a potion of lignification {unknown}
 n - a potion of agility {unknown}
 u - 4 potions of curing
 v - a potion of haste {unknown}
 x - 3 potions of cure mutation {unknown}
 B - a potion of cancellation {unknown}
 I - a potion of mutation {unknown}
Books
 q - a book of the Dragon
Comestibles
 c - 3 bread rations {!e}
 k - 9 chunks of flesh
 G - 2 beef jerkies
 H - a meat ration {!e}


   Skills:
 - Level 3.6 Fighting
 * Level 12.2 Axes
 + Level 7.7 Armour
 - Level 0.7 Dodging
 - Level 2.4 Invocations


You had 8 spell levels left.
You didn't know any spells.

Dungeon Overview and Level Annotations

Branches:
Dungeon (5/15)             Temple (0/1) D:5

Altars:
Elyvilon
Gozag
Okawaru
Vehumet

Shops:
D:5 *

Annotations:
D:2 pUX: siggers, Grinder!, Sigmund
D:4 tstbtto's ghost, novice GrFi


Message History

The gnoll sergeant is heavily wounded.
The gnoll sergeant hits you but does no damage.
You barely miss the gnoll sergeant.
The gnoll sergeant is heavily wounded.
The gnoll sergeant hits you with a spear.
Damage: 2 (max 7)
You hit the gnoll sergeant.
The gnoll sergeant is heavily wounded.
You hit the gnoll sergeant.
The gnoll sergeant is severely wounded.
You hit the gnoll but do no damage.
The gnoll sergeant hits you but does no damage.
The gnoll hits you.
Damage: 6 (max 7)
Your plate armour prevents you from hitting the gnoll sergeant.
The gnoll sergeant is severely wounded.
Your plate armour prevents you from hitting the ogre.
You hit the gnoll.
The gnoll is moderately wounded.
The gnoll sergeant barely misses you. The ogre hits you but does no damage.
The gnoll hits you.
Damage: 1 (max 7)
The gnoll sergeant hits you but does no damage.
The gnoll sergeant hits you but does no damage.
There is a stone staircase leading up here.
The ogre hits you with a giant spiked club!
* * * LOW HITPOINT WARNING * * *
You climb upwards.
Level annotation: tstbtto's ghost, novice GrFi
There is a stone staircase leading down here.
Damage: 11 (max 11)
You hit the ogre.
The ogre is lightly wounded.
You slash the ogre!
The ogre is heavily wounded.
The ogre hits you with a giant spiked club.
* * * LOW HITPOINT WARNING * * *
Damage: 2 (max 11)
You barely miss the ogre.
The ogre is heavily wounded.
The ogre hits you with a giant spiked club!
* * * LOW HITPOINT WARNING * * *
Damage: 16 (max 16)
You are too injured to fight recklessly!
You hit the ogre.
The ogre is severely wounded.
Your plate armour prevents you from hitting the ogre.
The ogre is severely wounded.
The ogre hits you with a giant spiked club!!
You die...

.###.###.....'..#........#
.............#..#........#
......##....##..#........#
.#....##....#####........#
.#..........#......#######
.#....##....#......#
.#....##....#......#
.#....##+####......#
......[.....#...@..#
.#....##....#..O...#
.#....##....#......#
.'....##....#......#
#.....'.....#......#
#.....##....#......#
##....##....#......#
.......#....#......#
.......#....#......#


You could see an ogre.

Vanquished Creatures
  The ghost of tstbtto the Cleaver, a novice MiFi of Uskayaw (D:5)
  Grinder (D:4)
  Eustachio (D:4)
  2 sky beasts
  A phantom (D:5)
  A centaur (D:5)
  2 ogres
  A big kobold (D:4)
  A gnoll sergeant (D:5)
  A scorpion (D:4)
  A hound (D:5)
  An orc priest (D:4)
  Terence (D:1)
  4 orc wizards (D:4)
  An iguana (D:4)
  A worker ant zombie (D:4)
  Robin (D:3)
  7 adders
  6 gnolls (D:5)
  A howler monkey skeleton (D:5)
  3 oozes (D:4)
  6 worms
  3 dart slugs (D:1)
  A giant gecko (D:3)
  10 orcs
  7 giant cockroaches
  19 goblins
  11 hobgoblins
  5 jackals
  27 kobolds
  2 quokkas
  8 bats
  A giant cockroach zombie (D:5)
  6 giant newts
  A quokka skeleton (D:5)
  5 rats
151 creatures vanquished.

Vanquished Creatures (others)
  An orc wizard (D:4)
  A plant (D:4)
2 creatures vanquished.

Grand Total: 153 creatures vanquished

Notes
Turn   | Place    | Note
--------------------------------------------------------------
     0 | Abyss:1  | Gorice the Hill Orc Abyssal Knight began the quest for the Orb.
     0 | Abyss:1  | Reached XP level 1. HP: 19/19 MP: 2/2
    53 | Abyss:1  | Found a corrupted altar of Lugonu.
    66 | D:1      | Escaped the Abyss
   178 | D:1      | Reached skill level 3 in Axes
   236 | D:1      | Reached XP level 2. HP: 14/26 MP: 3/3
   747 | D:1      | Reached skill level 4 in Axes
   982 | D:2      | Reached ** piety under Lugonu
   982 | D:2      | Reached XP level 3. HP: 31/31 MP: 4/4
  1022 | D:2      | Found an iron altar of Okawaru.
  1163 | D:2      | Noticed Terence
  1164 | D:2      | Noticed Sigmund
  1189 | D:1      | Killed Terence
  1189 | D:1      | Reached skill level 3 in Armour
  1189 | D:1      | Reached XP level 4. HP: 23/39 MP: 5/5
  1418 | D:2      | Reached skill level 5 in Axes
  1818 | D:3      | Noticed Grinder
  1818 | D:3      | Paralysed by Grinder for 7 turns
  2091 | D:2      | Reached XP level 5. HP: 42/45 MP: 6/6
  2141 | D:2      | Reached *** piety under Lugonu
  2231 | D:3      | Noticed a sky beast
  2240 | D:3      | HP: 12/45 [something (6)]
  2306 | D:2      | Reached skill level 6 in Axes
  2605 | D:3      | Noticed Robin
  2619 | D:3      | Reached skill level 4 in Armour
  2630 | D:3      | Killed a sky beast
  2630 | D:3      | Reached XP level 6. HP: 26/51 MP: 7/7
  2642 | D:2      | Reached skill level 7 in Axes
  2823 | D:3      | Killed Robin
  3083 | D:4      | Reached **** piety under Lugonu
  3092 | D:4      | Noticed tstbtto's ghost (novice GrFi)
  3309 | D:4      | Found a radiant altar of Vehumet.
  3323 | D:4      | Reached XP level 7. HP: 31/57 MP: 8/8
  3549 | D:4      | Reached skill level 5 in Armour
  3635 | D:4      | Got an ancient brass ring
  3636 | D:4      | Identified the ring of Linearity {rF+ rN++ MR+} (You found it on level 4 of the Dungeon)
  3753 | D:4      | Noticed Eustachio
  3781 | D:4      | Killed Eustachio
  3781 | D:4      | Reached skill level 8 in Axes
  3891 | D:4      | Killed Grinder
  3891 | D:4      | Reached skill level 9 in Axes
  3892 | D:4      | Upgraded the game from 0.19-a0-722-g27ac516 to 0.19-a0-734-ge18daf0
  3963 | D:4      | Reached skill level 6 in Armour
  3963 | D:4      | Reached XP level 8. HP: 49/64 MP: 9/9
  4590 | D:5      | Entered Level 5 of the Dungeon
  4627 | D:5      | Reached skill level 10 in Axes
  4665 | D:5      | Found an opulent altar of Gozag.
  4686 | D:5      | Found a staircase to the Ecumenical Temple.
  4699 | D:5      | Noticed tstbtto's ghost (novice MiFi)
  5067 | D:5      | Killed tstbtto's ghost
  5067 | D:5      | Reached skill level 11 in Axes
  5067 | D:5      | Reached skill level 7 in Armour
  5156 | D:5      | Found a white marble altar of Elyvilon.
  5179 | D:5      | Reached XP level 9. HP: 52/70 MP: 10/10
  5221 | D:5      | Reached skill level 12 in Axes
  5256 | D:5      | Found Vytigija's Assorted Antiques.
  5358 | D:5      | Reached ***** piety under Lugonu
  5387 | D:4      | HP: 18/70 [ogre/giant spiked club (16)]
  5389 | D:4      | Slain by an ogre

Vault maps used:
D:1:      mrwooster_arrival_arrow, minmay_distorted
D:2:      okawaru_ov_weapons_minmay, grunt_ministairs_11, uniq_iyjb,
          uniq_sigmund, uniq_terence
D:3:      first_bread, uniq_grinder, uniq_robin
D:4:      kennysheep_kobold_camp, fiery_altar_vehumet, uniq_eustachio
D:5:      nicolae_overflow_crystal_walls, elyvilon_altar_1, serial_gnoll_camp,
          gnoll_camp_mini_loothouse, gnoll_camp_mini_shop, gnoll_camp_mini_hut,
          gnoll_camp_mini_sergeant, grums_kennel, trog_butcher_becter

Skill      XL: |  1  2  3  4  5  6  7  8  9 |
---------------+----------------------------+-----
Axes           | 3 4 5 6 7 9 11 12 | 12.2
Armour         | 3 4 6 7 |  7.7
Fighting       | |  3.6
Dodging        | |  0.7
Invocations    | |  2.4

Action                   |  1- 3 |  4- 6 |  7- 9 || total
-------------------------+-------+-------+-------++-------
Melee: Hand axe          |   113 |   292 |       ||   405
       War axe           |       |    12 |   215 ||   227
Throw: Tomahawk          |       |     6 |     7 ||    13
       Stone             |       |     3 |       ||     3
       Javelin           |       |       |     3 ||     3
  Use: Scroll            |     5 |     7 |     1 ||    13
       Potion            |       |       |     1 ||     1
  Eat: Chunk             |     1 |     7 |     7 ||    15
Armor: Scale mail        |    40 |       |       ||    40
       Chain mail        |       |   181 |       ||   181
       Plate armour      |       |       |   203 ||   203
Dodge: Dodged            |    41 |   103 |    54 ||   198
Block: Other             |    24 |    69 |    62 ||   155
       Reflection        |       |     1 |     4 ||     5

Table legend:
 A = Turns spent in this place as a percentage of turns spent in the entire game.
 B = Non-inter-level travel turns spent in this place as a percentage of non-inter-level travel turns spent in the entire game.
 C = Inter-level travel turns spent in this place as a percentage of turns spent in this place.
 D = Turns resting spent in this place as a percentage of non-inter-level travel turns spent in this place.
 E = Turns spent auto-exploring this place as a percentage of non-inter-level travel turns spent in this place.
 F = Non-inter-level travel turns spent in this place divided by the number of levels of this place that you've seen.
                   A       B       C       D       E      F
               +-------+-------+-------+-------+-------+----------------------
         Total | 100.0 | 100.0 |   0.5 |   1.6 |   3.5 | 420.0
       Dungeon |  96.9 |  96.9 |   0.5 |   1.6 |   3.6 | 488.4
         Abyss |   3.1 |   3.1 |   0.0 |   0.0 |   0.0 |  78.0
               +-------+-------+-------+-------+-------+----------------------

Vault maps used:
D:1:      mrwooster_arrival_arrow, minmay_distorted
D:2:      okawaru_ov_weapons_minmay, grunt_ministairs_11, uniq_iyjb,
          uniq_sigmund, uniq_terence
D:3:      first_bread, uniq_grinder, uniq_robin
D:4:      kennysheep_kobold_camp, fiery_altar_vehumet, uniq_eustachio
D:5:      nicolae_overflow_crystal_walls, elyvilon_altar_1, serial_gnoll_camp,
          gnoll_camp_mini_loothouse, gnoll_camp_mini_shop, gnoll_camp_mini_hut,
          gnoll_camp_mini_sergeant, grums_kennel, trog_butcher_becter
